 Dungeon Crawl Stone Soup version bcrawl-1.19.2-6-g6a88ae04c9 (webtiles) character file.

Game seed: 16182760418491158850

816 Mrkan the Chopper (level 7, -5/61 HPs)
             Began as a Minotaur Fighter on Dec 28, 2019.
             Was an Initiate of Gozag.
             Killed by divine providence
             ... invoked by an orc priest
              (9 damage)
             ... on level 5 of the Dungeon.
             The game lasted 00:04:58 (4345 turns).

Mrkan the Chopper (Minotaur Fighter)                Turns: 4345, Time: 00:04:59

Health: -5/61      AC: 12    Str: 25    XL:     7   Next: 62%
Magic:  0/6        EV:  6    Int:  5    God:    Gozag
Gold:   339        SH: 10    Dex: 12    Spells: 6/6 levels left

rFire    . . .     SeeInvis .   a - +0 war axe
rCold    . . .     Gourm    .   c - +0 shield
rNeg     . . .     Faith    .   l - +0 plate armour
rPois    .         Spirit   +   (helmet restricted)
rElec    .         Reflect  .   k - scarf {Spirit}
rCorr    .         Harm     .   (no gloves)
MR       .....                  (no boots)
Stlth    ..........             (no amulet)
HPRegen  0.20/turn              (no ring)
MPRegen  0.10/turn              (no ring)

@: mighty, gold aura
A: retaliatory headbutt, horns 2
a: Potion Petition, Call Merchant, Bribe Branch, Renounce Religion


You were on level 5 of the Dungeon.
You worshipped Gozag.
Gozag was aware of your devotion.
You were not hungry.

You visited 1 branch of the dungeon, and saw 5 of its levels.

You collected 561 gold pieces.
You spent 153 gold pieces at shops.
You paid 69 gold pieces to Gozag.

Inventory:

Hand Weapons
 a - a +0 war axe (weapon)
Armour
 c - a +0 shield (worn)
 k - a scarf of spirit shield (worn)
 l - a +0 plate armour (worn)
Scrolls
 i - 2 scrolls of teleportation {unknown}
 j - 6 scrolls of identify
 m - 4 scrolls of amnesia {unknown}
 n - 2 scrolls of enchant armour
 o - 2 scrolls of noise {unknown}
 q - a scroll of enchant weapon {unknown}
 r - 2 scrolls of blinking {unknown}
 u - 2 scrolls of fear {unknown}
 v - a scroll of magic mapping
 w - a scroll of remove curse
Potions
 b - a potion of brilliance {unknown}
 e - 6 potions of curing {unknown}
 g - a potion of heal wounds {unknown}
 h - 2 potions of degeneration {unknown}
 p - 2 potions of mutation {unknown}
 s - 2 potions of flight {unknown}
 t - a potion of haste
Comestibles
 f - 5 rations {!d}


   Skills:
 + Level 5.4 Fighting
 * Level 6.3 Axes
 + Level 5.6 Armour
 + Level 3.4 Dodging
 + Level 5.5 Shields


You had 6 spell levels left.
You didn't know any spells.
Your spell library was empty.

Dungeon Overview and Level Annotations

Branches:
Dungeon (5/12)
 Temple: D:4-7

Altars:
Dithmenos
Gozag
Kikubaaqudgha
Lugonu
Makhleb
Nemelex Xobeh
Qazlal
Beogh

Shops:
D:4 *}[

Annotations:
D:4 3 runed translucent doors, pheathergobbo575's ghost, novice MfFi


Innate Abilities, Weirdness & Mutations

You reflexively headbutt those who attack you in melee.
You have a pair of horns on your head.


Message History

You block the orc's attack.
You completely miss the orc priest. Your headbutt misses the orc priest.
The orc priest is severely wounded.
Your shield and plate armour prevent you from hitting the orc.
You barely miss the orc priest.
The orc priest invokes the aid of Beogh against you.
Beogh smites you!
* * * LOW HITPOINT WARNING * * *
You block the orc's attack.
You feel very mighty all of a sudden. The orc priest barely misses you.
You furiously retaliate!
You headbutt the orc priest!!
You kill the orc priest!
The orc priest hits you but does no damage.
You block the orc's attack.
You barely miss the orc priest. You hit the orc but do no damage.
The orc priest calls down the wrath of Beogh upon you.
Beogh smites you!
You die...
Your body crumbles into a pile of gold.

# ## .## ####### .8##
#.....# .._# #/....#
.### #....$# ..# #.....#
.### #.$@..# .._#
#.oo..# .### #.....#
..8# ###..$..###
.###########....!....#
..8#.................+
_.#######..#.###.....#
##### ##.#.# #.).....
....######.#.###...!...#


You could see an orc priest and an orc.

Vanquished Creatures
  Sigmund (D:2)
  Menkaure (D:4)
  A wyvern zombie (D:5)
  2 scorpions (D:4)
  A crimson imp (D:4)
  A hound (D:3)
  2 orc priests (D:5)
  An orc wizard (D:4)
  3 worker ants
  A howler monkey skeleton (D:3)
  2 adders
  4 gnolls (D:3)
  4 worms
  A dart slug (D:1)
  2 leopard geckos (D:3)
  16 orcs
  5 giant cockroaches
  A goblin (D:2)
  6 hobgoblins
  6 jackals
  2 quokkas (D:2)
  8 bats
  3 frilled lizards
  4 kobolds
  A quokka skeleton (D:5)
  2 rats (D:2)
81 creatures vanquished.

Notes
Turn   | Place    | Note
-------+----------+-------------------------------------------
     0 | D:1      | Mrkan the Minotaur Fighter began the quest for the Orb.
     0 | D:1      | Reached XP level 1. HP: 19/19 MP: 0/0
   708 | D:2      | Reached XP level 2. HP: 27/27 MP: 1/1
   838 | D:2      | Reached skill level 3 in Axes
   892 | D:2      | Reached XP level 3. HP: 24/33 MP: 2/2
  1706 | D:2      | Noticed Sigmund
  1712 | D:2      | Reached skill level 1 in Dodging
  1743 | D:2      | Killed Sigmund
  1743 | D:2      | Reached skill level 4 in Axes
  1743 | D:2      | Reached XP level 4. HP: 11/41 MP: 3/3
  1743 | D:2      | Reached XP level 5. HP: 13/47 MP: 4/4
  2048 | D:2      | Found a faded altar of an unknown god.
  2480 | D:3      | Found an opulent altar of Gozag.
  2507 | D:3      | Became a worshipper of Gozag Ym Sagoz the Greedy
  2612 | D:3      | Reached XP level 6. HP: 39/53 MP: 3/5
  3216 | D:4      | Noticed Menkaure
  3218 | D:4      | Reached skill level 5 in Axes
  3224 | D:4      | Killed Menkaure
  3224 | D:4      | Reached skill level 5 in Armour
  3245 | D:4      | Reached skill level 5 in Shields
  3474 | D:4      | Reached skill level 5 in Fighting
  3512 | D:4      | Reached XP level 7. HP: 52/61 MP: 4/6
  3610 | D:4      | Found Vewumuly's Antique Armour Emporium.
  3654 | D:4      | Found Gomoeki Niz's Gadget Boutique.
  3774 | D:4      | Found Ucee's General Store.
  3782 | D:4      | Bought a scroll of enchant armour for 82 gold pieces
  3782 | D:4      | Bought a scroll of magic mapping for 38 gold pieces
  3782 | D:4      | Bought a scroll of remove curse for 33 gold pieces
  3815 | D:4      | Reached skill level 6 in Axes
  3939 | D:4      | Identified the cursed +2 war axe of Cymet {chop, rPois MR+
                  | Int+3 Dex-3}
  3939 | D:4      | Identified the cursed +1 plate armour of Osunumeh {rF+ MR-
                  | Dex+5}
  3970 | D:4      | Found a runed translucent gate.
  3972 | D:4      | Found a runed translucent gate.
  3973 | D:4      | Found a runed translucent gate.
  3973 | D:4      | Identified the +0 ring mail "Enkan" {rC- rN+++ Regen+
                  | Stlth-}
  3973 | D:4      | Noticed pheathergobbo575's ghost (novice MfFi)
  3976 | D:4      | Found a roughly hewn altar of Beogh.
  4116 | D:5      | Entered Level 5 of the Dungeon
  4239 | D:5      | Found an ancient bone altar of Kikubaaqudgha.
  4244 | D:5      | Found a sparkling altar of Nemelex Xobeh.
  4260 | D:5      | Found a stormy altar of Qazlal.
  4260 | D:5      | Found a corrupted altar of Lugonu.
  4261 | D:5      | Found a burning altar of Makhleb.
  4264 | D:5      | Found a shadowy altar of Dithmenos.
  4345 | D:5      | Killed from afar by an orc priest

Skill      XL: |  1  2  3  4  5  6  7 |
---------------+----------------------+-----
Axes           | 3 4 5 6 |  6.3
Armour         | 4 5 |  5.6
Dodging        | 2 3 |  3.4
Fighting       | 4 5 |  5.4
Shields        | 4 5 |  5.5

Action                   |  1- 3 |  4- 6 |  7- 9 || total
-------------------------+-------+-------+-------++-------
Melee: War axe           |    92 |    77 |    52 ||   221
       Headbutt          |     9 |    15 |    14 ||    38
  Use: Scroll            |       |       |     1 ||     1
       Potion            |       |       |     1 ||     1
 Stab: Distracted        |       |     1 |       ||     1
  Eat: Chunk             |     3 |     1 |       ||     4
       Ration            |       |     1 |     1 ||     2
Armor: Plate armour      |    57 |    35 |    40 ||   132
       Scale mail        |     3 |       |       ||     3
Dodge: Dodged            |    17 |    11 |     8 ||    36
Block: Shield            |    40 |    41 |    42 ||   123
